 Dungeon Crawl Stone Soup version 0.26.1-11-gd32895ea62 (webtiles) character file.

Game seed: 1523969067737876501

24082 ratadin the Unseen (level 12, -3/60 HPs)
             Began as a Spriggan Brigand on June 26, 2021.
             Was a High Priest of Dithmenos.
             Killed from afar by a shock serpent (19 damage)
             ... with a bolt of electricity
             ... on level 2 of the Lair of Beasts.
             The game lasted 03:04:35 (17562 turns).

ratadin the Unseen (Spriggan Brigand)              Turns: 17562, Time: 03:04:36

Health: -3/60      AC:  4    Str:  7    XL:     12   Next: 77%
Magic:  13/13      EV: 31    Int: 14    God:    Dithmenos [*****.]
Gold:   842        SH:  5    Dex: 25    Spells: 8/11 levels left

rFire    . . .     SeeInvis +   p - +0 hunting sling
rCold    + . .     Faith    .   (shield restricted)
rNeg     + + .     Spirit   .   I - +2 robe of Locoa {+Blink Will+ Regen+ Slay+2}
rPois    +         Reflect  +   (helmet restricted)
rElec    .         Harm     .   (no cloak)
rCorr    .         Rampage  .   (gloves unavailable)
Will     +++..                  (boots unavailable) Stlth *+++++++++
                                n - amulet of reflection
HPRegen  0.60/turn              v - ring of Daffodils {rPois rC+ rN+ Dex+4}
MPRegen  0.13/turn              E - ring of positive energy

@: wreathed by umbra, very quick
A: very small, unfitting armour, see invisible, speed 3
a: Renounce Religion, Evoke Blink, Shadow Step, Shadow Form


You were on level 2 of the Lair of Beasts.
You worshipped Dithmenos.
Dithmenos was extremely pleased with you.
You visited 4 branches of the dungeon, and saw 16 of its levels.

You collected 968 gold pieces.
You spent 126 gold pieces at shops.

Inventory:

Hand Weapons
 a - a +3 dagger
 p - a +0 hunting sling (weapon)
 A - a +0 rapier
Missiles
 e - 3 curare-tipped darts
 t - 368 stones (quivered ammo)
 K - 13 poisoned darts (quivered)
Armour
 c - a +2 cloak
 d - +0 acid dragon scales
 G - a +2 robe of cold resistance
 I - the +2 robe of Locoa (worn) {+Blink Will+ Regen+ Slay+2}
   (You found it on level 9 of the Dungeon)

   It affects your accuracy and damage with ranged weapons and melee attacks
   (+2).
   It affects your willpower, your defense against some magical effects.
   It lets you blink.
   It increases your rate of regeneration.
 J - a +1 cloak of preservation
 N - +0 fire dragon scales
Jewellery
 n - an amulet of reflection (around neck)
 u - an uncursed amulet of magic regeneration
 v - the ring of Daffodils (left hand) {rPois rC+ rN+ Dex+4}
   (You found it on level 4 of the Dungeon)

   [ring of positive energy]

   It affects your dexterity (+4).
   It protects you from cold.
   It protects you from poison.
   It protects you from negative energy.
 E - a ring of positive energy (right hand)
Wands
 k - a wand of digging (6)
 o - a wand of iceblast (7)
 B - a wand of enslavement (7)
 D - a wand of paralysis (47)
 F - a wand of polymorph (7)
 M - a wand of flame (6)
Scrolls
 b - 2 scrolls of enchant weapon
 f - 7 scrolls of remove curse
 g - 3 scrolls of identify
 y - 4 scrolls of magic mapping
 H - a scroll of fog
Potions
 j - a potion of curing
 l - 2 potions of attraction
 q - a potion of brilliance
 r - a potion of heal wounds
 s - 2 potions of lignification
 w - a potion of berserk rage {unknown}
 x - a potion of might {unknown}
 z - 2 potions of magic
 C - 4 potions of flight
 L - a potion of resistance {unknown}


   Skills:
 + Level 5.4 Fighting
 + Level 9.4 Short Blades
 - Level 5.7(10.8) Slings
 + Level 12.0(12.3) Throwing
 + Level 11.2 Dodging
 * Level 17.5 Stealth
 - Level 0.3 Shields
 - Level 0.1 Poison Magic


You had 8 spell levels left.
You knew the following spells:

 Your Spells              Type           Power        Failure   Level
a - Sting                 Tmut/Pois      0%           28%         1
b - Poisonous Vapours     Pois/Air       0%           38%         2

Your spell library contained the following spells:

 Spells                   Type           Power        Failure   Level
 Ignite Poison            Fire/Tmut/Pois 0%           65%         3
 Mephitic Cloud           Conj/Pois/Air  0%           65%         3
 Olgreb's Toxic Radiance  Pois           0%           95%         4
 Bolt of Magma            Conj/Fire/Erth 0%           100%        5
 Iskenderun's Battlesphe  Conj           0%           100%        5
 Iron Shot                Conj/Erth      0%           100%        6
 Orb of Destruction       Conj           0%           100%        7
 Spellforged Servitor     Conj/Summ      0%           100%        7


Dungeon Overview and Level Annotations

Branches:
Dungeon (12/15)            Temple (1/1) D:6            Lair (2/6) D:10
  Snake (1/4) Lair:2
  Swamp: Lair:2-4    Shoals: Lair:2-4       Orc: D:9-12

Altars:
Dithmenos
Hepliaklqana
Kikubaaqudgha
Nemelex Xobeh
Ru
Trog
Vehumet
Xom
Zin

Shops:
D:3 *   D:10 [


Innate Abilities, Weirdness & Mutations

You are very small and have problems with some larger weapons.
You are too small for most types of armour.
You have supernaturally acute eyesight. (SInv)
You cover ground extremely quickly.


Message History

Press: ? - help, Q - select action, (/) - cycle Shift-Dir - straight line, f/p - shock serpent
Aim: a shock serpent (severely wounded, very poisoned, umbra, 60% to hit)
You throw a poisoned dart.
The poisoned dart hits the shock serpent.
The shock serpent looks as sick as possible!
The shock serpent is severely wounded.
You see here a poisoned dart.
The shock serpent shoots out a bolt of lightning at you!
The bolt of electricity hits you!
* * * LOW HITPOINT WARNING * * *
K - 14 poisoned darts (gained 1)
You see here a poisoned dart.
Throw: 14 darts (poison)
Press: ? - help, Q - select action, (/) - cycle Shift-Dir - straight line, f/p - shock serpent
Aim: a shock serpent (severely wounded, very poisoned, umbra, 60% to hit)
You throw a poisoned dart.
The poisoned dart barely misses the shock serpent.
The shock serpent shoots out a bolt of lightning at you!
The bolt of electricity hits you!!
You die...

.# #.............≈P≈≈≈.≈≈≈P≈.##..
.###.............≈P.≈P....P≈...#.
.#.#.###.#...##..!...............
...#...≈≈≈≈≈................[....
.....P≈≈≈≈≈≈≈........#...##....#.
....P≈≈≈≈≈.≈≈≈.#.S..##S.###.?....
....≈≈≈.....≈≈≈.######..###......
....≈≈..≈....≈≈.#####...#.#......
....≈≈≈..>...≈≈.@##.#...(........
....(≈.≈..≈.≈≈≈.((..S..>..##..).<
....≈≈≈(....≈≈≈.##.#..######.....
.....≈≈≈...≈≈≈..####[## ##......
.....≈≈≈≈≈≈≈≈..## ##.# ##.......
......≈≈≈≈≈≈.≈## #..## #........
.#.#####≈≈..### ##..###........
#### ###.P# #.###..P...... #
#...# ##.###.<.......


You could see a shock serpent (very poisoned).

Vanquished Creatures
  The ghost of Jaiteiro the Blocker, a journeyman GnFi of the Shining One (Lair:1)
  A fire dragon (Lair:2)
  2 hydras (Lair:1)
  A naga warrior (Snake:1)
  A centaur warrior (D:9)
  4 two-headed ogres
  An unseen horror (D:10)
  A harpy (shapeshifter) (D:10)
  Psyche (D:8)
  2 naga magi (Snake:1)
  6 cane toads
  A gargoyle (D:12)
  A kobold demonologist (D:10)
  A rime drake (Lair:2)
  An efreet (D:10)
  4 komodo dragons
  A polar bear (Lair:2)
  5 blink frogs (Lair:2)
  A hornet (D:9)
  4 wyverns (D:10)
  10 yaks (Lair:1)
  Eustachio (D:5)
  A vampire mosquito (D:10)
  8 nagas
  An acid dragon (D:10)
  7 water moccasins
  5 ice beasts
  8 sky beasts
  2 eyes of draining
  An orc warrior (D:10)
  2 phantoms
  8 ogres
  3 centaurs
  5 wolves (Lair:1)
  A big kobold (D:7)
  17 bullfrogs
  A wyvern skeleton (D:10)
  2 scorpions (D:5)
  6 killer bees (D:10)
  A wight (D:10)
  3 electric eels
  A howler monkey (D:6)
  2 jellies
  A centaur zombie (D:10)
  3 bullfrog zombies
  A lava snake (D:9)
  3 quasits
  A centaur skeleton (D:9)
  6 hounds
  4 orc priests
  6 orc wizards
  5 bullfrog skeletons
  2 gnoll shamans
  5 iguanas
  9 worker ants
  A hound zombie (D:10)
  4 hound skeletons
  2 worker ant zombies
  7 gnolls
  A howler monkey skeleton (D:9)
  10 adders
  A shadow imp (D:5)
  2 white imps
  3 ufetubi
  An ooze (D:1)
  2 adder skeletons
  A worm (D:2)
  2 dart slugs
  3 leopard geckos
  20 orcs
  6 bats
  7 giant cockroaches
  6 goblins
  7 hobgoblins
  7 jackals
  8 kobolds
  4 quokkas
  3 ball pythons
  4 frilled lizards
  A quokka zombie (D:6)
  7 rats
302 creatures vanquished.

Vanquished Creatures (others)
  13 fungi
  21 plants
34 creatures vanquished.

Grand Total: 336 creatures vanquished

Notes
Turn   | Place    | Note
-------+----------+-------------------------------------------
     0 | D:1      | ratadin the Spriggan Brigand began the quest for the Orb.
     0 | D:1      | Reached XP level 1. HP: 10/10 MP: 2/2
   136 | D:1      | Reached skill level 6 in Stealth
   231 | D:1      | Reached XP level 2. HP: 14/14 MP: 3/3
  1222 | D:2      | Reached XP level 3. HP: 18/18 MP: 4/4
  1358 | D:2      | Reached skill level 7 in Stealth
  1966 | D:3      | Reached XP level 4. HP: 22/22 MP: 5/5
  2647 | D:3      | Found Zin's Purification Station.
  2648 | D:3      | Noticed a sky beast
  2688 | D:3      | Found a glowing silver altar of Zin.
  2691 | D:3      | Killed a sky beast
  2692 | D:3      | Reached skill level 8 in Stealth
  2692 | D:3      | Reached XP level 5. HP: 26/26 MP: 6/6
  3499 | D:4      | Got a shimmering silver ring
  3737 | D:4      | Noticed an ogre
  3740 | D:4      | Killed an ogre
  3741 | D:4      | Reached skill level 9 in Stealth
  3741 | D:4      | Reached XP level 6. HP: 30/30 MP: 7/7
  3907 | D:5      | Entered Level 5 of the Dungeon
  3995 | D:5      | HP: 1/30 [shadow imp/nerve-wracking pain (13)]
  4202 | D:5      | Reached skill level 1 in Slings
  4219 | D:5      | Noticed a sky beast
  4319 | D:5      | Noticed Eustachio
  4645 | D:5      | Killed a sky beast
  4646 | D:5      | Reached skill level 10 in Stealth
  4646 | D:5      | Reached XP level 7. HP: 34/34 MP: 8/8
  4992 | D:5      | Killed Eustachio
  4993 | D:5      | Reached skill level 5 in Throwing
  5076 | D:5      | Identified the ring of Daffodils {rPois rC+ rN+ Dex+4} (You
                  | found it on level 4 of the Dungeon)
  5482 | D:5      | Reached XP level 8. HP: 39/39 MP: 9/9
  5901 | D:6      | Reached skill level 5 in Slings
  5934 | D:6      | Found a staircase to the Ecumenical Temple.
  5963 | D:6      | Found a sparkling altar of Nemelex Xobeh.
  6819 | D:6      | Found a shadowy altar of Dithmenos.
  6824 | D:6      | Became a worshipper of Dithmenos the Shadowed
  7637 | D:6      | Found a bloodstained altar of Trog.
  7637 | D:6      | Found a radiant altar of Vehumet.
  7718 | Temple   | Entered the Ecumenical Temple
  8068 | D:7      | Reached skill level 11 in Stealth
  8078 | D:7      | Reached XP level 9. HP: 43/43 MP: 10/10
  8117 | D:7      | Reached * piety under Dithmenos
  8617 | D:7      | Found a hazy altar of Hepliaklqana.
  8698 | D:7      | You fall into a shaft and drop 1 floor!
  8701 | D:8      | Reached skill level 5 in Short Blades
  8962 | D:8      | Noticed a two-headed ogre
  9025 | D:8      | Killed a two-headed ogre
  9026 | D:8      | Reached skill level 5 in Dodging
  9026 | D:8      | Reached skill level 12 in Stealth
  9174 | D:8      | Noticed a two-headed ogre
  9362 | D:8      | Noticed Psyche
  9374 | D:8      | Killed Psyche
  9569 | D:8      | Killed a two-headed ogre
  9570 | D:8      | Reached skill level 13 in Stealth
  9570 | D:8      | Reached XP level 10. HP: 47/47 MP: 11/11
 10565 | D:9      | Reached ** piety under Dithmenos
 10723 | D:9      | Noticed a centaur warrior
 10733 | D:9      | Killed a centaur warrior
 11121 | D:9      | Got a faintly glowing robe
 11122 | D:9      | Identified the +2 robe of Locoa {+Blink Will+ Regen+
                  | Slay+2} (You found it on level 9 of the Dungeon)
 11230 | D:9      | Reached skill level 10 in Throwing
 11489 | D:10     | Entered Level 10 of the Dungeon
 11601 | D:10     | Reached skill level 14 in Stealth
 11607 | D:10     | Reached *** piety under Dithmenos
 11715 | D:10     | Noticed a harpy
 11734 | D:10     | Killed a harpy
 11915 | D:10     | Reached XP level 11. HP: 52/52 MP: 12/12
 12072 | D:10     | Learned a level 1 spell: Sting
 12077 | D:10     | Learned a level 2 spell: Poisonous Vapours
 12268 | D:10     | Noticed an unseen horror
 12275 | D:10     | Killed an unseen horror
 12407 | D:10     | Found Lupom's Armour Boutique.
 12463 | D:10     | Bought a +0 cloak of preservation for 126 gold pieces
 12794 | D:10     | Found a staircase to the Lair.
 12928 | D:10     | Noticed a two-headed ogre
 12980 | D:10     | Killed a two-headed ogre
 13047 | D:10     | Noticed a two-headed ogre
 13052 | D:10     | Killed a two-headed ogre
 13053 | D:10     | Reached skill level 15 in Stealth
 13115 | D:10     | Reached **** piety under Dithmenos
 13191 | D:10     | You fall into a shaft and drop 2 floors!
 13967 | Lair:1   | Entered Level 1 of the Lair of Beasts
 14005 | Lair:1   | Found a runed translucent gate.
 14006 | Lair:1   | Found a runed translucent gate.
 14007 | Lair:1   | Found a runed translucent gate.
 14014 | Lair:1   | Noticed Jaiteiro's ghost (journeyman GnFi)
 14274 | Lair:1   | Noticed an eight-headed hydra
 14373 | Lair:1   | Killed Jaiteiro's ghost
 14399 | Lair:1   | Killed an eight-headed hydra
 14682 | Lair:1   | Noticed a four-headed hydra
 14687 | Lair:1   | Killed a four-headed hydra
 14688 | Lair:1   | Reached skill level 10 in Dodging
 14688 | Lair:1   | Reached skill level 16 in Stealth
 14688 | Lair:1   | Reached XP level 12. HP: 58/58 MP: 13/13
 15535 | Lair:2   | Found a staircase to the Snake Pit.
 15737 | Lair:2   | Reached skill level 5 in Fighting
 15915 | Lair:2   | Reached skill level 17 in Stealth
 16583 | Lair:2   | Noticed a fire dragon
 16904 | Lair:2   | Killed a fire dragon
 17320 | Snake:1  | Entered Level 1 of the Snake Pit
 17320 | Snake:1  | Noticed a naga warrior
 17325 | Snake:1  | Killed a naga warrior
 17385 | Snake:1  | Noticed an anaconda
 17391 | Snake:1  | Noticed a naga warrior
 17394 | Snake:1  | Reached ***** piety under Dithmenos
 17562 | Lair:2   | Killed from afar by a shock serpent

Illustrated notes

Levels and vault maps discovered:
D:1:      dpeg_arrival_fog, layout_basic, minmay_tetromino_o2
D:2:      layout_basic, serial_curves, eino_curves_04, eino_curves_04
D:3:      layout_loops_ring, zin_purify, minmay_misc_feat_iff,
          corexii_corridor_pit, saegor_snake_ambush
D:4:      layout_basic, kennysheep_generic_room_13
D:5:      layout_basic, uniq_eustachio
D:6:      layout_loops_corners, lemuel_doored_altar,
          nicolae_overflow_crystal_walls, gammafunk_temple_overflow_statue,
          minmay_temple_entry_junction
D:7:      layout_loops_ring, nzn_hepliaklqana_mist_gate
D:8:      layout_cave_pools, moated_statue, uniq_psyche
D:9:      statuecave_lemuel, layout_basic, kennysheep_dice
D:10:     minmay_inner_zag, layout_long_grid, erik_lair_dragon, serial_shops,
          shop, minmay_bent
D:11:     minmay_the_grid_triangle_9x9_rhombus_thin
          [minmay_the_grid_triangle_9x9_empty,
          minmay_the_grid_triangle_9x9_prize_insulated,
          minmay_the_grid_triangle_9x9_tough_junction,
          minmay_the_grid_triangle_9x9_subtriangle], layout_cave_pools,
          erik_orc_1, gammafunk_ghost_cemetery, kb_rosetta
D:12:     layout_roguey
Temple:   nicolae_temple_elliptical
Lair:1:   layout_regular_city, gammafunk_ghost_split, beast_lair_carwin_7,
          grunt_megastairs_1, minmay_lair_oklob_chamber
Lair:2:   dragon1_lemuel, layout_loops_ring, guppyfry_snake_entry_island,
          serial_bayou_shore_a
Snake:1:  layout_grid_shapes, minmay_shoptagon, lemuel_fruit_tree,
          serial_bayou_shore_b, uniq_kirke

Skill      XL: |  1  2  3  4  5  6  7  8  9 10 11 12 |
---------------+-------------------------------------+-----
Stealth        | 6 7 8 9 10 11 13 14 16 17 | 17.5
Short Blades   | 3 4 6 7 8 9 |  9.4
Throwing       | 3 4 5 7 8 10 11 12 | 12.0
Dodging        | 2 4 6 7 10 11 | 11.2
Slings         | 1 4 5 |  5.7
Fighting       | 2 3 4 5 |  5.4
Shields        | |  0.3
Poison Magic   | |  0.1

Action                   |  1- 3 |  4- 6 |  7- 9 | 10-12 || total
-------------------------+-------+-------+-------+-------++-------
Melee: Dagger            |    44 |    29 |   101 |   296 ||   470
       Rapier            |       |       |    49 |   240 ||   289
 Fire: Hunting sling     |       |    11 |    86 |    83 ||   180
Throw: Dart              |    30 |    70 |   147 |   189 ||   436
       Boomerang         |       |       |    33 |   204 ||   237
       Throwing net      |       |       |     2 |     1 ||     3
       Stone             |       |       |       |     1 ||     1
 Cast: Poisonous Vapours |       |       |       |     6 ||     6
 Abil: Evoke Blink       |       |       |       |     1 ||     1
Evoke: Wand              |       |       |       |    24 ||    24
  Use: Scroll            |     6 |     2 |    10 |    15 ||    33
       Potion            |       |     1 |     3 |     9 ||    13
 Stab: Sleeping          |    15 |    17 |    26 |    37 ||    95
       Invisible         |       |       |     1 |       ||     1
       Held in net/web   |       |       |     1 |       ||     1
       Distracted        |       |       |       |     7 ||     7
Armor: Robe              |     5 |     5 |    18 |    20 ||    48
Dodge: Dodged            |    23 |     9 |   135 |   451 ||   618
Block: Other             |       |       |       |    73 ||    73
       Reflection        |       |       |       |     3 ||     3
